 Dungeon Crawl Stone Soup version 0.27.0-1-g7a089689b8 (webtiles) character file.

Game seed: 10121191804753537623

149 MajorAdolf the Skirmisher (level 5, 0/51 HPs)
             Began as a Naga Wanderer on Aug 16, 2021.
             Slain by a gnoll (2 damage)
             ... on level 3 of the Dungeon.
             The game lasted 00:07:59 (3260 turns).

MajorAdolf the Skirmisher (Naga Wanderer)           Turns: 3260, Time: 00:07:59

Health: 0/51       AC:  3    Str: 14    XL:     5   Next: 31%
Magic:  7/7        EV:  9    Int: 12    God:
Gold:   72         SH:  0    Dex: 12    Spells: 4/7 levels left

rFire    . . .     SeeInvis +   a - +2 dagger
rCold    . . .     Faith    .   (no shield)
rNeg     . . .     Spirit   .   i - +0 robe
rPois    +         Reflect  .   (no helmet)
rElec    .         Harm     .   (no cloak)
rCorr    .         Rampage  .   j - +0 pair of gloves
Will     +....                  (no barding)
Stlth    ++........             (no amulet)
HPRegen  0.17/turn              e - ring of willpower
MPRegen  0.10/turn              (no ring)

@: very slow
A: AC +1, large, see invisible, deformed body, poison resistance, slowness 2,
spit poison 1, naga tail 1
a: Spit Poison


You were on level 3 of the Dungeon.
You visited 1 branch of the dungeon, and saw 3 of its levels.

You collected 72 gold pieces.

Inventory:

Hand Weapons
 a - a +2 dagger (weapon)
 c - a +0 shortbow
Missiles
 b - 4 curare-tipped darts
 d - 23 arrows
Armour
 i - a +0 robe (worn)
 j - a +0 pair of gloves (worn)
Jewellery
 e - a ring of willpower (left hand)
Potions
 f - a potion of lignification
 g - a potion of flight
 h - a potion of degeneration {unknown}


   Skills:
 + Level 4.8 Fighting
 - Level 1.0 Bows
 - Level 1.0 Throwing
 - Level 2.4 Armour
 + Level 4.1 Stealth
 - Level 1.0 Shields
 + Level 1.6 Spellcasting
 + Level 1.8 Ice Magic


You had 4 spell levels left.
You knew the following spells:

 Your Spells              Type           Power      Damage    Failure   Level
a - Ozocubu's Armour      Ice            5%         N/A       36%         3

Your spell library contained the following spells:

 Spells                   Type           Power      Damage    Failure   Level
 Airstrike                Air            0%         N/A       96%         4
 Cause Fear               Hex            0%         N/A       96%         4
 Summon Lightning Spire   Summ/Air       0%         N/A       96%         4
 Lightning Bolt           Conj/Air       0%         1d11      100%        5
 Dragon Form              Tmut           0%         N/A       100%        7
 Ozocubu's Refrigeration  Ice            2%         4d5       100%        7
 Dragon's Call            Summ           0%         N/A       100%        9


Dungeon Overview and Level Annotations

Branches:
Dungeon (3/15)

Altars:

Annotations:
D:1 exclusions: downstairs, gnoll and goblin


Innate Abilities, Weirdness & Mutations

Your serpentine skin is tough. (AC +1)
You have supernaturally acute eyesight. (SInv)
Armour fits poorly on your strangely shaped body.
Your system is resistant to poisons. (rPois)
You cover ground very slowly.
You can spit poison.
You have a snake-like lower body.


Message History

Press: ? - help, Shift-Dir - straight line, f/p - gnoll
Aim: a gnoll, wielding a +0 whip (moderately wounded)
The splash of poison misses the gnoll.
The gnoll hits you with a +0 whip.
Unknown command.
The gnoll completely misses you. The gnoll hits you with a +0 whip.
You have got your breath back.
Press: ? - help, Shift-Dir - straight line, f - gnoll, p - gnoll
Aim: a gnoll, wielding a +0 club The splash of poison hits the gnoll.
The gnoll is poisoned.
The gnoll is heavily wounded.
The gnoll hits you with a +0 whip.
* * * LOW HITPOINT WARNING * * *
Unknown command.
Unknown command.
The gnoll barely misses you.
You have got your breath back.
You kill the gnoll!
Press: ? - help, Shift-Dir - straight line, f/p - gnoll
Aim: a gnoll, wielding a +0 club The splash of poison misses the gnoll.
Unknown command.
The gnoll hits you with a +0 club.
* * * LOW HITPOINT WARNING * * *
You have got your breath back.
Press: ? - help, Shift-Dir - straight line, f/p - gnoll
Aim: a gnoll, wielding a +0 club The splash of poison hits the gnoll!
The gnoll is poisoned.
The gnoll is severely wounded.
The gnoll closely misses you.
Unknown command.
The gnoll hits you with a +0 club.
* * * LOW HITPOINT WARNING * * *
The gnoll hits you with a +0 club.
* * * LOW HITPOINT WARNING * * *
Unknown command.
Unknown command.
You have got your breath back.
The gnoll hits you with a +0 club.
You die...

.....#
.....###...#
.....#
#...###)#
###..# #?
#.)...## #..#
#. ###....#
###..# #.
###..# ....>#
#. ###....#
###.## #.
###......#
≈≈...#
#.###.......##
.≈≈..###
#....@g..####
≈≈≈≈≈≈≈##
##.#######
≈≈.≈≈≈≈≈# #.#
≈..≈.##≈# #.#
.≈..#.#≈≈# #.#
....#<# ## #.#
###.### #.# #
#.#########.#
#...........#


You could see a gnoll (poisoned).

Vanquished Creatures
  A scorpion (D:2)
  3 gnolls (D:3)
  An adder (D:3)
  A worm (D:1)
  An orc (D:1)
  3 endoplasms
  4 giant cockroaches (D:1)
  2 goblins (D:1)
  2 hobgoblins (D:1)
  4 jackals (D:1)
  7 kobolds
  2 ball pythons
  2 bats
  2 frilled lizards
  7 rats (D:1)
  A toadstool (D:1)
43 creatures vanquished.

Vanquished Creatures (others)
  A plant (D:1)
  3 toadstools (D:1)
4 creatures vanquished.

Grand Total: 47 creatures vanquished

Notes
Turn   | Place    | Note
-------+----------+-------------------------------------------
     0 | D:1      | MajorAdolf the Naga Wanderer began the quest for the Orb.
     0 | D:1      | MajorAdolf set off with the following items: a +2 dagger, 4
                  | curare-tipped darts, a +0 shortbow, 23 arrows, a +0 ring
                  | mail
     0 | D:1      | Reached XP level 1. HP: 22/22 MP: 1/1
   109 | D:1      | Reached skill level 1 in Stealth
   483 | D:1      | Reached XP level 2. HP: 5/30 MP: 2/2
  1371 | D:1      | Reached XP level 3. HP: 37/37 MP: 3/3
  2404 | D:2      | Noticed a scorpion
  2417 | D:2      | Killed a scorpion
  2418 | D:2      | Reached skill level 1 in Spellcasting
  2418 | D:2      | Reached skill level 1 in Ice Magic
  2418 | D:2      | Reached XP level 4. HP: 17/45 MP: 3/6
  2558 | D:1      | Learned a level 3 spell: Ozocubu's Armour
  3065 | D:3      | Reached XP level 5. HP: 18/51 MP: 7/7
  3196 | D:3      | Found a faded altar of an unknown god.
  3258 | D:3      | HP: 1/51 [gnoll (6)]
  3260 | D:3      | Slain by a gnoll

Illustrated notes

Levels and vault maps discovered:
D:1:      ldierk_water_garden, layout_loops_corners, serial_forest,
          infiniplex_forest_clump_double, infiniplex_forest_end_3,
          infiniplex_forest_pool, infiniplex_forest_pool,
          infiniplex_forest_straight_3, infiniplex_forest_clump_diagonal,
          infiniplex_forest_fountain, infiniplex_forest_clump_double,
          minmay_tetromino_s4
D:2:      layout_loops_ring, hex_large
D:3:      layout_basic, portal_sewer_entry_e,
          shapermc_ecumenical_altar_mp_vishouse, serial_rivers,
          chequers_serial_rivers_small_3, chequers_serial_rivers_small_b,
          chequers_serial_rivers_small_3, chequers_serial_rivers_small_a,
          minmay_unequal, uniq_crazy_yiuf_cottage, uniq_terence, uniq_robin

Skill      XL: |  1  2  3  4  5 |
---------------+----------------+-----
Stealth        | 1 2 3 4 |  4.1
Spellcasting   | 1 |  1.6
Ice Magic      | 1 |  1.8
Fighting       | |  4.8
Bows           | |  1.0
Throwing       | |  1.0
Armour         | |  2.4
Shields        | |  1.0

Action                   |  1- 3 |  4- 6 || total
-------------------------+-------+-------++-------
Melee: Dagger            |    63 |    17 ||    80
Throw: Dart              |     1 |       ||     1
 Abil: Spit Poison       |    41 |    15 ||    56
  Use: Scroll            |       |     3 ||     3
       Potion            |       |     1 ||     1
Armor: Skin              |     6 |     2 ||     8
       Robe              |       |     2 ||     2
Dodge: Dodged            |    34 |    12 ||    46
